 Dungeon Crawl Stone Soup version 0.22.1-6-g1668fe2 (webtiles) character file.

298 dvd the Chopper (level 6, 0/32 HPs)
             Began as a Vine Stalker Gladiator on Jan 28, 2019.
             Succumbed to an orc wizard's poison
             ... on level 3 of the Dungeon.
             The game lasted 00:05:45 (2241 turns).

dvd the Chopper (Vine Stalker Gladiator)            Turns: 2241, Time: 00:05:46

Health: 0/32       AC:  8    Str: 19    XL:     6   Next: 35%
Magic:  4/7        EV: 11    Int:  8    God:
Gold:   143        SH:  0    Dex: 15    Spells: 5/5 levels left

rFire    . . .     SeeInvis .   a - +0 war axe
rCold    . . .     Gourm    .   (no shield)
rNeg     . . .     Faith    .   p - +0 scale mail
rPois    .         Spirit   +   c - +0 helmet
rElec    .         Reflect  .   (no cloak)
rCorr    .         Harm     .   i - +0 pair of gloves
MR       .....                  (no boots)
Stlth    ..........             (no amulet)
HPRegen  0.50/turn              (no ring)
MPRegen  0.10/turn              (no ring)

@: lethally poisoned (0 -> -11)
A: fangs 2, regeneration 1, magic shield, antimagic bite, no potion heal 3, rot
immunity
a: no special abilities


You were on level 3 of the Dungeon.
You were not hungry.

You visited 1 branch of the dungeon, and saw 4 of its levels.

You collected 143 gold pieces.

Inventory:

Hand Weapons
 a - a +0 war axe (weapon)
 s - a +0 morningstar
 u - a +2 short sword of protection
Missiles
 d - 3 throwing nets (quivered)
 o - 5 poisoned javelins
Armour
 b - a +0 leather armour
 c - a +0 helmet (worn)
 i - a +0 pair of gloves (worn)
 l - a +0 chain mail
 n - a +0 ring mail
 p - a +0 scale mail (worn)
Jewellery
 h - an uncursed ring of ice
Scrolls
 e - 3 scrolls of identify {unknown}
 j - 4 scrolls of teleportation {unknown}
 k - a scroll of remove curse {unknown}
 t - a scroll of immolation {unknown}
Potions
 q - a potion of experience {unknown}
 r - a potion of flight {unknown}
Comestibles
 f - 9 rations
 g - 2 chunks of flesh


   Skills:
 + Level 2.7 Fighting
 + Level 4.9 Axes
 + Level 1.8 Throwing
 + Level 1.3 Armour
 + Level 3.2 Dodging
 + Level 0.6 Stealth


You had 5 spell levels left.
You didn't know any spells.
Your spell library was empty.

Dungeon Overview and Level Annotations

Branches:
Dungeon (4/15)
 Temple: D:4-7

Altars:
Qazlal


Innate Abilities, Weirdness & Mutations

You have extremely sharp teeth.
Your natural rate of healing is unusually fast.
When hurt, damage is shared between your health and your magic reserves.
Your bite disrupts and absorbs the magic of your enemies.
Potions cannot restore your health.
You are immune to rotting.


Message History

The adder hisses angrily.
There is a stone staircase leading up here.
The orc wizard hits you but does no damage.
You are poisoned.
You climb upwards.
You feel sick.
There is a stone staircase leading down here.
You closely miss the orc wizard. You bite the orc wizard.
The orc wizard's magic leaks into the air.
You drain its magic.
You feel invigorated.
The orc wizard is lightly wounded.
You feel sick.
The orc wizard hits you but does no damage.
You are lethally poisoned!
The orc wizard hits you with a dagger of venom.
* * * LOW HITPOINT WARNING * * *
You are more poisoned.
You barely miss the orc wizard.
You bite the orc wizard, but do no damage.
The orc wizard is lightly wounded.
You die...

# #........# #.# #####...####.
###..†.....# #.####...........#
..#...#....# #.................
#.#.......## #.####...........#
#.#.......# #.# ###.......###
#.#.......# #># #.#...#.#
#.######### #.# #.#...#.# #.# #.#
#.#...#<# ..# #@# #.##.##)##
..######## ##o######........#
#.#......# #...........####.#
....####.######..##.#.###.####.##
#.### #..........##.#÷###.##.....
..# ##.##.#..#..#......#.##.....
### #...........(......#........
#......≈.......)............
#.....................#.....


You could see an orc wizard.

Vanquished Creatures
  A sky beast (D:2)
  Terence (D:2)
  4 adders
  4 gnolls
  An ooze (D:1)
  A worm (D:3)
  3 dart slugs
  5 leopard geckos
  7 orcs
  4 ball pythons
  12 bats
  3 giant cockroaches (D:1)
  9 goblins
  12 hobgoblins
  7 kobolds
  3 frilled lizards
  A leopard gecko skeleton (D:3)
  10 rats
88 creatures vanquished.

Notes
Turn   | Place    | Note
-------+----------+-------------------------------------------
     0 | D:1      | dvd the Vine Stalker Gladiator began the quest for the Orb.
     0 | D:1      | Reached XP level 1. HP: 11/11 MP: 2/2
    52 | D:1      | Reached XP level 2. HP: 15/15 MP: 3/3
    95 | D:1      | Reached skill level 3 in Axes
   219 | D:1      | Reached XP level 3. HP: 16/18 MP: 4/4
   882 | D:2      | Gained mutation: Your natural rate of healing is unusually
                  | fast. [Vine Stalker growth]
   882 | D:2      | Reached XP level 4. HP: 12/23 MP: 2/5
  1091 | D:2      | Noticed Terence
  1092 | D:2      | Noticed a sky beast
  1102 | D:2      | Killed a sky beast
  1102 | D:2      | Reached skill level 4 in Axes
  1102 | D:2      | Reached skill level 1 in Armour
  1102 | D:2      | Reached XP level 5. HP: 27/27 MP: 6/6
  1110 | D:2      | Killed Terence
  1373 | D:2      | Found a stormy altar of Qazlal.
  1375 | D:2      | Noticed an air elemental
  1376 | D:2      | Noticed a fire elemental
  1376 | D:2      | Noticed a water elemental
  1478 | D:3      | Reached XP level 6. HP: 29/32 MP: 7/7
  2233 | D:4      | HP: 1/32 [orc wizard/magic dart (5)]
  2241 | D:3      | Succumbed to an orc wizard's poison

Skill      XL: |  1  2  3  4 |
---------------+-------------+-----
Axes           | 3 4 |  4.9
Fighting       | 2 |  2.7
Armour         | 1 |  1.3
Dodging        | 3 |  3.2
Throwing       | |  1.8
Stealth        | |  0.6

Action                   |  1- 3 |  4- 6 || total
-------------------------+-------+-------++-------
Melee: War axe           |    74 |   125 ||   199
       Bite              |    17 |    42 ||    59
  Use: Potion            |       |     2 ||     2
 Stab: Sleeping          |     1 |       ||     1
  Eat: Chunk             |       |     5 ||     5
Armor: Leather armour    |    24 |     8 ||    32
       Chain mail        |       |     8 ||     8
       Ring mail         |       |     3 ||     3
       Scale mail        |       |    46 ||    46
Dodge: Dodged            |    76 |    82 ||   158
